 Dungeon Crawl Stone Soup version 0.22-a0-553-g9358b0b (webtiles) character file.

5 Amnesiac the Cutter (level 1, -1/11 HPs)
             Began as a Vine Stalker Berserker on June 25, 2018.
             Was a Follower of Trog.
             Slain by a jackal (2 damage)
             ... on level 1 of the Dungeon.
             The game lasted 00:00:09 (56 turns).

Amnesiac the Cutter (Vine Stalker Berserker)          Turns: 56, Time: 00:00:10

Health: -1/11      AC:  2    Str: 19    XL:     1   Next: 80%
Magic:  0/2        EV: 12    Int:  7    God:    Trog [*.....]
Gold:   5          SH:  0    Dex: 13    Spells: 0/0 levels left

rFire    . . .     SeeInvis .   a - +0 short sword
rCold    . . .     Gourm    .   (no shield)
rNeg     . . .     Faith    .   b - +0 animal skin
rPois    .         Spirit   +   (no helmet)
rElec    .         Reflect  .   (no cloak)
rCorr    .         Harm     .   (no gloves)
MR       .....                  (no boots)
Stlth    +.........             (no amulet)
HPRegen  0.03/turn              (no ring)
MPRegen  0.08/turn              (no ring)

@: no status effects
A: fangs 2, magic shield, antimagic bite, no potion heal 3, rot immunity
a: Berserk, Renounce Religion


You were on level 1 of the Dungeon.
You worshipped Trog.
Trog was aware of your devotion.
You were not hungry.

You visited 1 branch of the dungeon, and saw 1 of its levels.

You collected 5 gold pieces.

Inventory:

Hand Weapons
 a - a +0 short sword (weapon)
Armour
 b - a +0 animal skin (worn)
Scrolls
 d - a scroll of remove curse {!r, unknown}
Comestibles
 c - a ration
 f - a chunk of flesh


   Skills:
 - Level 2.6 Fighting
 + Level 3.1 Short Blades
 - Level 1.5 Armour
 - Level 1.5 Dodging


You couldn't memorise any spells.
You didn't know any spells.
Your spell library was empty.

Dungeon Overview and Level Annotations

Branches:
Dungeon (1/15)

Altars:


Innate Abilities, Weirdness & Mutations

You have extremely sharp teeth.
When hurt, damage is shared between your health and your magic reserves.
Your bite disrupts and absorbs the magic of your enemies.
Potions cannot restore your health.
You are immune to rotting.


Message History

You hit the rat.
The rat is heavily wounded.
The rat closely misses you.
You closely miss the rat.
The rat is heavily wounded.
The rat bites you.
A rat is nearby!
You hit the rat but do no damage.
You kill the rat!
Trog accepts your kill.
You butcher the rat corpse.
f - a chunk of flesh You see here a rat skeleton. x2
You open the door. 4 jackals come into view.
The jackal barks! x2
Found three items.
The jackal closely misses you. x2; The jackal bites you.
Found a tourmaline ring.
There is an open door here.
There are monsters nearby!
You hit the jackal.
The jackal is heavily wounded.
The jackal barely misses you. The jackal bites you.
The jackal closely misses you. x2
There are monsters nearby!
You barely miss the jackal. You bite the jackal. You drain its power.
You feel invigorated.
The jackal is almost dead.
The jackal barely misses you.
The jackal bites you but does no damage.
The jackal bites you.
* * * LOW HITPOINT WARNING * * *
The jackal closely misses you.
You hit the jackal.
You kill the jackal!
Trog accepts your kill.
Your Short Blades skill increases to level 3!
The jackal bites you.
* * * LOW HITPOINT WARNING * * *
The jackal bites you.
* * * LOW HITPOINT WARNING * * *
The jackal bites you but does no damage.
You closely miss the jackal. The jackal closely misses you.
You hit the jackal.
You kill the jackal!
Trog accepts your kill.
You barely miss the jackal. You bite the jackal. You drain its power.
The jackal is heavily wounded.
The jackal bites you.
* * * LOW HITPOINT WARNING * * *
The jackal closely misses you.
You are too injured to fight recklessly!
You closely miss the jackal.
The jackal is heavily wounded.
The jackal misses you.
You barely miss the jackal.
The jackal is heavily wounded.
The jackal bites you.
* * * LOW HITPOINT WARNING * * *
You hit the jackal.
The jackal is severely wounded.
The jackal bites you.
You die...

... .. # ### #.# ... ..
.. #.# .... #.##. #.#
#...# ...#.## ###.#
#..... ......# #...##
#?...$.
......####....####.......
#..........รท...@hh..!...
##.#.####....####......=
##..# #.#.## #......
###.#.# #.### #.....
.#.##># #.# #...# #.###.#
#.# #+## ......# #.#
#)##### #.# #.#


You could see 2 jackals.

Vanquished Creatures
  2 jackals (D:1)
  A kobold (D:1)
  2 rats (D:1)
5 creatures vanquished.

Notes
Turn   | Place    | Note
-------+----------+-------------------------------------------
     0 | D:1      | Amnesiac the Vine Stalker Berserker began the quest for the Orb.
     0 | D:1      | Reached XP level 1. HP: 11/11 MP: 2/2
    49 | D:1      | Reached skill level 3 in Short Blades
    56 | D:1      | Slain by a jackal

Vault maps used:
D:1:      roderic_chinese_lattice_arrival

Skill      XL: |  1 |
---------------+----+-----
Short Blades   | 3 |  3.1
Fighting       | |  2.6
Armour         | |  1.5
Dodging        | |  1.5

Action                   || total
-------------------------++-------
Melee: Short sword       ||    16
       Bite              ||     3
 Stab: Sleeping          ||     1
Armor: Animal skin       ||     2
Dodge: Dodged            ||    14

Table legend:
 A = Spawn XP
 B = Non-spawn XP
 C = Spawn XP percentage of total XP
 D = Spawn monster count
 E = Non-spawn monster count
 F = Spawn count percentage of total count
 G = Total turns spent on level
                    A         B        C        D         E        F      G
               +---------+---------+-------+---------+---------+-------+---------
         Total |       0 |       8 |   0.0 |       0 |       5 |   0.0 |    56
               +---------+---------+-------+---------+---------+-------+---------
           D:1 |       0 |       8 |   0.0 |       0 |       5 |   0.0 |    56
               +---------+---------+-------+---------+---------+-------+---------
